AoeStats
← aassdd518

Arena

506553415Analyzed
1v1 RM · 18d ago on Sep 14, 2026· 83m 33s· 2 players
Game mode
Random Map
Map size
Tiny (2 player)
Population
200
Speed
Normal
Resources
Standard
Victory
Conquest
Starting age
Dark Age
Ending age
Imperial Age
RankedLock teamsTeams togetherTeam positionsShared explorationLock speedFull tech treeHidden civsTurbo modeCheats
Victory
Defeat
🇹🇼 Turks · Taiwan
459
+14
🇦🇷 Byzantines · Argentina
421
-14
dalmironieves
7:02 Loom
9:59 Feudal Age
11:10 Double-Bit Axe
22:08 Castle Age
23:59 Bow Saw
26:35 Elite Skirmisher
27:21 Thumb Ring
28:14 Padded Archer Armor
28:07 Fletching
29:51 Pikeman
30:56 Leather Archer Armor
30:37 Bodkin Arrow
30:41 Gold Mining
32:13 Scale Mail Armor
32:27 Forging
38:22 Imperial Age
36:08 Squires
36:35 Chain Mail Armor
37:12 Iron Casting
39:56 Ring Archer Armor
42:15 Two-Man Saw
40:44 Heavy Camel Rider
42:34 Husbandry
47:46 Bracer
65:32 Halberdier
69:34 Plate Mail Armor
69:09 Scale Barding Armor
71:28 Ballistics
72:09 Chemistry
73:43 Chain Barding Armor
aassdd518
11:20 Feudal Age
11:48 Double-Bit Axe
14:20 Horse Collar
19:17 Castle Age
20:14 Bow Saw
26:12 Wheelbarrow
26:06 Heavy Plow
32:28 Imperial Age
31:33 Murder Holes
31:51 Masonry
34:35 Two-Man Saw
34:19 Bloodlines
34:12 Husbandry
36:22 Scale Barding Armor
36:15 Elite Janissary
39:18 Bombard Tower
38:46 Arrowslits
40:27 Artillery
41:28 Ballistics
42:18 Sipahi
46:41 Chain Barding Armor
46:58 Architecture
47:17 Hand Cart
75:04 Plate Barding Armor
Connection lost

Rejoining the realm…

Still unreachable

The connection could not be restored.

Session expired

The server has moved on; the page needs a fresh start.